Construct Section Command Post
Construct Section Command Post
Selects Heavy Armor Battlegroup
Selects Heavy Armor Battlegroup
Construct Platoon Command Post
Unlock Bishop Self-propelled Artillery
Bishop Self-propelled Artillery
Selects Rigorous Vehicle Training
Selects Forward Repair Assembly
Bishop Self-propelled Artillery
Selects Light Vehicle Withdraw and Refit
6-pounder Anti-tank Gun Team
Selects Designate Targets
Light Vehicle Withdraw and Refit
Construct Company Command Post